 Dungeon Crawl Stone Soup version 0.22.1-1-ga44c0e5 (webtiles) character file.

3710 jerryfan the Covert (level 10, -4/66 HPs)
             Began as a Halfling Assassin on Sept 21, 2018.
             Was the Champion of Jiyva.
             Slain by an eight-headed hydra (15 damage)
             ... on level 11 of the Dungeon on Sept 23, 2018.
             The game lasted 00:27:29 (8038 turns).

jerryfan the Covert (Halfling Assassin)             Turns: 8038, Time: 00:27:30

Health: -4/66      AC:  9    Str: 17    XL:     10   Next: 36%
Magic:  7/13       EV: 23    Int:  8    God:    Jiyva [******]
Gold:   327        SH:  0    Dex: 22    Spells: 9/9 levels left

rFire    + . .     SeeInvis +   r - +7 dagger of Blood {freeze, *Noise rF+ Str+8 Int-5}
rCold    . . .     Gourm    .   (shield restricted)
rNeg     . . .     Faith    .   B - +3 leather armour {rPois}
rPois    +         Spirit   .   F - +1 hat of Optimism {Dex+3}
rElec    .         Reflect  .   d - +0 cloak
rCorr    +         Harm     .   (no gloves)
MR       +....                  C - +0 pair of boots
Stlth    +++++.....             (no amulet)
HPRegen  0.61/turn              o - +4 ring of evasion
MPRegen  0.13/turn              A - ring of protection from magic

@: no status effects
A: small, horns 1, see invisible, mutation resistance 1, regeneration 1,
MP-powered wands
a: Request Jelly, Slimify, Cure Bad Mutation, Renounce Religion


You were on level 11 of the Dungeon.
You worshipped Jiyva.
Jiyva was exalted by your worship.
You were completely stuffed.

You visited 1 branch of the dungeon, and saw 11 of its levels.

You collected 327 gold pieces.

Inventory:

Hand Weapons
 a - a +2 dagger
 b - a +1 blowgun
 k - a +3 short sword
 m - a cursed +3 short sword
 n - a +0 dagger of draining
 r - the +7 dagger of Blood (weapon) {freeze, *Noise rF+ Str+8 Int-5}
   (You found it on level 6 of the Dungeon)

   It has been specially enchanted to freeze those struck by it, causing extra
   injury to most foes and up to half again as much damage against particularly
   susceptible opponents.
   It can also slow down cold-blooded creatures.
   It affects your strength (+8).
   It affects your intelligence (-5).
   It protects you from fire.
   It may make noises in combat.
Missiles
 e - 8 poisoned needles
 f - 2 curare-tipped needles
Armour
 c - a +0 robe
 d - a +0 cloak (worn)
 B - a +3 leather armour of poison resistance (worn)
 C - a +0 pair of boots (worn)
 F - the +1 hat of Optimism (worn) {Dex+3}
   (You found it on level 9 of the Dungeon)

   It affects your dexterity (+3).
Jewellery
 o - a +4 ring of evasion (left hand)
 w - an uncursed ring of magical power
 A - a ring of protection from magic (right hand)
 E - an uncursed ring of positive energy
Wands
 p - a wand of paralysis (3)
 G - a wand of iceblast (9)
 H - a wand of flame (14)
Scrolls
 h - 2 scrolls of blinking
 i - a scroll of identify
 j - 2 scrolls of teleportation
 y - a scroll of amnesia
Potions
 l - a potion of degeneration {unknown}
 t - a potion of brilliance {unknown}
 u - 2 potions of agility {unknown}
 v - 2 potions of curing {unknown}
 z - a potion of heal wounds
Comestibles
 g - 13 rations


   Skills:
 + Level 5.1 Fighting
 * Level 9.4 Short Blades
 - Level 3.4 Throwing
 + Level 5.9 Dodging
 * Level 10.1 Stealth
 + Level 4.3 Evocations


You had 9 spell levels left.
You didn't know any spells.
Your spell library was empty.

Dungeon Overview and Level Annotations

Branches:
Dungeon (11/15)            Temple (0/1) D:4            Lair (0/6) D:10
    Orc (0/2) D:9

Altars:
Cheibriados
Elyvilon
Fedhas
Gozag
Hepliaklqana
Makhleb
Qazlal
Sif Muna
Trog
Uskayaw
Wu Jian
Yredelemnul
The Shining One
Jiyva

Annotations:
D:3 exclusions: Sigmund and rat
D:7 exclusion: 2 electric eels


Innate Abilities, Weirdness & Mutations

You are small and have problems with some larger weapons.
You are somewhat resistant to further mutation.
You have a pair of small horns on your head.
You have supernaturally acute eyesight. (SInv)
Your natural rate of healing is unusually fast.
You expend magic power (3 MP) to strengthen your wands.


Message History

Press: ? - help, Shift-Dir - straight line, f - eight-headed hydra
Aim: an eight-headed hydra (chance to defeat MR: 32%)
The eight-headed hydra easily resists.
You feel a surge of power!
The eight-headed hydra barely misses you.
The eight-headed hydra bites you!
The eight-headed hydra barely misses you.
The eight-headed hydra bites you but does no damage. x2
The eight-headed hydra misses you. The eight-headed hydra bites you!
* * * LOW HITPOINT WARNING * * *
The eight-headed hydra misses you.
Evoke which item? (* to show all) (? for menu, Esc to quit)
Aiming: Paralyse
Press: ? - help, Shift-Dir - straight line, f/p - eight-headed hydra
Aim: an eight-headed hydra (chance to defeat MR: 32%)
The eight-headed hydra easily resists.
You feel a surge of power! The eight-headed hydra bites you.
* * * LOW HITPOINT WARNING * * *
The eight-headed hydra barely misses you.
The eight-headed hydra bites you!
You die...

########
#....<.#
#.####.#
##....#(######.
...............
##.......#####.
######@..#
#D....# ##...##
##.## .# .# +#


You could see an eight-headed hydra.

Vanquished Creatures
  A komodo dragon (D:10)
  A wyvern (D:10)
  3 hogs (D:8)
  A human (D:8)
  A steam dragon (D:10)
  2 insubstantial wisps (D:10)
  An orc warrior (D:10)
  A necrophage (D:10)
  A hornet zombie (D:10)
  A phantom (D:5)
  4 sky beasts
  An ogre (D:4)
  3 centaurs
  3 bullfrogs
  A big kobold (D:7)
  2 scorpions
  5 wights
  4 howler monkeys
  A crimson imp (D:10)
  5 orc wizards
  Crazy Yiuf (D:3)
  An orc priest (D:9)
  A bullfrog skeleton (D:9)
  5 hounds
  An iguana (D:10)
  Jessica (D:2)
  6 worker ants
  A hound zombie (D:7)
  A howler monkey zombie (D:7)
  5 adders
  A dart slug (D:4)
  7 leopard geckos
  15 orcs
  3 bats (D:1)
  6 giant cockroaches
  14 goblins
  8 hobgoblins
  4 jackals
  5 quokkas
  3 frilled lizards
  2 jackal skeletons
  13 kobolds
  A leopard gecko skeleton (D:4)
  7 rats
154 creatures vanquished.

Vanquished Creatures (collateral kills)
  An orc warrior (D:9)
  An orc wizard (D:9)
  2 orcs (D:9)
4 creatures vanquished.

Vanquished Creatures (others)
  Grinder (D:3)
  A shadow (D:8)
  Sigmund (D:3)
  A hog (D:8)
  Eustachio (D:6)
  2 hungry ghosts
  Edmund (D:6)
  A phantom (D:10)
  An ogre (D:9)
  A crocodile (D:9)
  2 big kobolds
  15 jellies
  A scorpion (D:7)
  4 wights (D:10)
  2 electric eels (D:7)
  A crimson imp (D:7)
  2 hounds
  Terence (D:3)
  An iguana (D:6)
  A hound skeleton (D:6)
  Robin (D:3)
  A shadow imp (D:8)
  An ooze (D:7)
  An adder zombie (D:5)
  An adder skeleton (D:6)
  A worm (D:5)
  12 orcs
  11 goblins (D:3)
  2 hobgoblins (D:3)
  A jackal (D:6)
  9 kobolds
  A rat (D:3)
  3 plants
86 creatures vanquished.

Grand Total: 244 creatures vanquished

Notes
Turn   | Place    | Note
-------+----------+-------------------------------------------
     0 | D:1      | jerryfan the Halfling Assassin began the quest for the Orb.
     0 | D:1      | Reached XP level 1. HP: 14/14 MP: 1/1
   104 | D:1      | Reached XP level 2. HP: 19/19 MP: 2/2
   407 | D:1      | Reached XP level 3. HP: 20/24 MP: 3/3
  1088 | D:2      | Reached XP level 4. HP: 23/29 MP: 4/4
  1310 | D:2      | Found a hazy altar of Hepliaklqana.
  1326 | D:2      | Reached skill level 5 in Stealth
  1390 | D:2      | Noticed Jessica
  1396 | D:2      | Found a faded altar of an unknown god.
  1405 | D:2      | Killed Jessica
  1473 | D:2      | Became a worshipper of Jiyva Juawk the Shapeless
  1473 | D:2      | Reached * piety under Jiyva
  1663 | D:2      | You fall through a shaft for 2 floors!
  1666 | D:4      | Reached XP level 5. HP: 35/35 MP: 5/5
  1891 | D:3      | Found a bloodstained altar of Trog.
  1891 | D:3      | Found a glowing golden altar of the Shining One.
  1891 | D:3      | Noticed Sigmund
  1959 | D:3      | Found a runed door.
  1961 | D:3      | Reached ** piety under Jiyva
  1964 | D:3      | Noticed Crazy Yiuf
  1969 | D:3      | Killed Robin
  1971 | D:3      | Killed Crazy Yiuf
  2038 | D:3      | Noticed Grinder
  2039 | D:3      | Reached *** piety under Jiyva
  2042 | D:3      | Killed Sigmund
  2062 | D:3      | Killed Terence
  2063 | D:3      | Killed Grinder
  2065 | D:3      | Gained mutation: You have supernaturally acute eyesight.
                  | (SInv) [Jiyva's grace]
  2100 | D:3      | Found a basalt altar of Yredelemnul.
  2168 | D:3      | Found a stormy altar of Qazlal.
  2168 | D:3      | Found a white marble altar of Elyvilon.
  2321 | D:4      | Noticed an ogre
  2328 | D:4      | Killed an ogre
  2328 | D:4      | Reached XP level 6. HP: 41/41 MP: 6/6
  2755 | D:4      | Found a staircase to the Ecumenical Temple.
  2934 | D:4      | Found a bloodstained altar of Trog.
  3073 | D:5      | Entered Level 5 of the Dungeon
  3142 | D:5      | Reached skill level 5 in Short Blades
  3142 | D:5      | Reached skill level 6 in Stealth
  3142 | D:5      | Reached XP level 7. HP: 15/45 MP: 7/7
  3497 | D:5      | Found a blossoming altar of Fedhas.
  4214 | D:6      | Killed Edmund
  4216 | D:6      | Reached **** piety under Jiyva
  4258 | D:6      | Got a faintly glowing dagger
  4259 | D:6      | Identified the +7 dagger of Blood {freeze, *Noise rF+ Str+8
                  | Int-5} (You found it on level 6 of the Dungeon)
  4402 | D:6      | Killed Eustachio
  4551 | D:6      | Found an ornate altar of the Wu Jian Council.
  5053 | D:7      | Reached XP level 8. HP: 35/52 MP: 8/8
  5056 | D:7      | Reached skill level 1 in Evocations
  5065 | D:7      | Gained mutation: Your natural rate of healing is unusually
                  | fast. [Jiyva's grace]
  5127 | D:7      | Found an opulent altar of Gozag.
  5144 | D:7      | Reached skill level 7 in Stealth
  5185 | D:7      | Reached ***** piety under Jiyva
  5996 | D:8      | Gained mutation: You expend magic power (3 MP) to
                  | strengthen your wands. [Jiyva's grace]
  6016 | D:8      | Killed a hog
  6021 | D:8      | Killed a shadow
  6221 | D:8      | Found a hide-covered altar of Uskayaw.
  6380 | D:8      | Noticed a hog
  6380 | D:8      | Noticed a hog
  6380 | D:8      | Noticed a hog
  6380 | D:8      | Noticed a human
  6396 | D:8      | Gained mutation: You have a small jelly attached to you
                  | that may absorb incoming projectiles. [Jiyva's grace]
  6401 | D:8      | Killed a hog
  6401 | D:8      | Reached skill level 8 in Stealth
  6401 | D:8      | Reached XP level 9. HP: 47/58 MP: 10/10
  6415 | D:8      | Reached ****** piety under Jiyva
  6456 | D:9      | Found a staircase to the Orcish Mines.
  6735 | D:9      | Reached skill level 5 in Dodging
  6782 | D:9      | Got a scorched hat
  6800 | D:9      | Identified the +1 hat of Optimism {Dex+3} (You found it on
                  | level 9 of the Dungeon)
  6866 | D:9      | Lost mutation: You have a small jelly attached to you that
                  | may absorb incoming projectiles. [Jiyva's grace]
  6930 | D:9      | Found a burning altar of Makhleb.
  6932 | D:9      | Found a deep blue altar of Sif Muna.
  6933 | D:9      | Found a snail-covered altar of Cheibriados.
  7015 | D:9      | Reached skill level 9 in Stealth
  7123 | D:9      | Gained mutation: You have a pair of small horns on your
                  | head. [Jiyva's grace]
  7329 | D:10     | Entered Level 10 of the Dungeon
  7438 | D:10     | Reached XP level 10. HP: 41/65 MP: 12/12
  7538 | D:10     | Gained mutation: You are frail. (-10% HP) [Jiyva's grace]
  7568 | D:10     | Found a staircase to the Lair.
  7568 | D:10     | Noticed a komodo dragon
  7592 | D:10     | Killed a komodo dragon
  7592 | D:10     | Reached skill level 5 in Fighting
  7630 | D:10     | Reached skill level 10 in Stealth
  8027 | D:10     | Lost mutation: You are frail. (-10% HP) [Jiyva's power]
  8032 | D:11     | Noticed an eight-headed hydra
  8038 | D:11     | Slain by an eight-headed hydra

Skill      XL: |  1  2  3  4  5  6  7  8  9 10 |
---------------+-------------------------------+-----
Fighting       | 2 3 4 5 |  5.1
Short Blades   | 3 4 5 7 8 9 |  9.4
Stealth        | 5 6 8 9 10 | 10.1
Dodging        | 2 3 4 5 |  5.9
Throwing       | 3 |  3.4
Evocations     | 2 3 4 |  4.3

Action                   |  1- 3 |  4- 6 |  7- 9 | 10-12 || total
-------------------------+-------+-------+-------+-------++-------
Melee: Dagger            |    41 |       |   233 |    55 ||   329
       Short sword       |    61 |   121 |    47 |       ||   229
       Headbutt          |       |       |    14 |    15 ||    29
 Fire: Blowgun           |       |     1 |       |       ||     1
Throw: Tomahawk          |       |       |     2 |       ||     2
Invok: Cure Bad Mutation |       |       |       |     1 ||     1
Evoke: Wand              |       |       |     4 |     3 ||     7
  Use: Scroll            |     2 |     2 |     5 |     7 ||    16
       Potion            |       |       |     3 |       ||     3
 Stab: Sleeping          |     7 |     8 |    10 |     1 ||    26
       Invisible         |       |       |     1 |       ||     1
       Paralysed         |       |       |     3 |     1 ||     4
       Distracted        |       |       |     2 |       ||     2
  Eat: Chunk             |     1 |     2 |       |       ||     3
Armor: Robe              |    20 |    12 |     6 |       ||    38
       Skin              |       |       |     1 |       ||     1
       Leather armour    |       |       |     3 |     5 ||     8
Dodge: Dodged            |    55 |    68 |   154 |    32 ||   309
